 Dungeon Crawl Stone Soup version 0.17-a0-2098-gf59d6bc (webtiles) character file.

1415 admarant the Fighter (level 8, 0/75 HPs)
             Began as a Minotaur Berserker on Oct 17, 2015.
             Was an Elder of Trog.
             Slain by Pikel
             ... wielding a +1 whip of freezing
              (3 damage)
             ... on level 6 of the Dungeon.
             The game lasted 00:16:04 (5933 turns).

admarant the Fighter (Minotaur Berserker)           Turns: 5933, Time: 00:16:05

Health: 0/75       AC: 11    Str: 24    XL:     8   Next: 43%
Magic:  7/7        EV:  8    Int:  4    God:    Trog [****..]
Gold:   128        SH:  3    Dex: 10    Spells: 0 memorised, 7 levels left

rFire  + . .     SeeInvis .     a - +1 spear
rCold  x . .     Clarity  .     e - +1 chain mail
rNeg   . . .     SustAt   +     q - +0 buckler
rPois  .         Gourm    .     (helmet restricted)
rElec  .         Spirit   .     (no cloak)
rCorr  .         Warding  .     (no gloves)
rMut   .         Stasis   .     (no boots)
MR     .....                    (no amulet)
Stlth  ..........               v - ring of fire
                                d - ring of sustain attributes

@: not resistant to hostile enchantments, extremely unstealthy
A: retaliatory headbutt, horns 2
a: Burn Spellbooks, Berserk, Trog's Hand, Brothers in Arms, Renounce Religion


You were on level 6 of the Dungeon.
You worshipped Trog.
Trog was greatly pleased with you.
You were not hungry.

You visited 1 branch of the dungeon, and saw 7 of its levels.

You collected 212 gold pieces.
You spent 84 gold pieces at shops.

Inventory:

Hand Weapons
 a - a +1 spear (weapon)
 b - the +3 hunting sling of Qumac {venom, Int+4}
   (You found it on level 4 of the Dungeon)

   It poisons the ammo it fires.
   It affects your intelligence (+4).
 j - a +0 hunting sling
Missiles
 f - 23 sling bullets
 i - 14 exploding sling bullets
Armour
 e - a +1 chain mail (worn)
 q - a +0 buckler (worn)
 z - a steam dragon hide
Jewellery
 d - a ring of sustain attributes (left hand)
 v - a ring of fire (right hand)
 C - an uncursed ring of positive energy
Wands
 t - a wand of random effects (33)
 D - a wand of teleportation (5)
 E - a wand of fire (11)
Scrolls
 o - 5 scrolls of identify
 r - 2 scrolls of remove curse
 y - a scroll of enchant weapon
Potions
 h - a potion of might {unknown}
 l - a potion of agility {unknown}
 s - a potion of poison {unknown}
 u - 3 potions of heal wounds {unknown}
 w - a potion of haste {unknown}
 B - a potion of lignification {unknown}
Books
 m - a book of Air

   Spells                             Type                      Level
   a - Shock                          Conjuration/Air              1
   b - Swiftness                      Charms/Air                   2
   c - Repel Missiles                 Charms/Air                   2
   d - Static Discharge               Conjuration/Air              3
   e - Lightning Bolt                 Conjuration/Air              5
   Trog disapproves of the use of such an item.
 n - a book of Envenomations

   Spells                             Type                      Level
   a - Spider Form                    Transmutation/Poison         3
   b - Alistair's Intoxication        Transmutation/Poison         4
   c - Olgreb's Toxic Radiance        Poison                       4
   d - Poisonous Cloud                Conjuration/Poison/Air       6
   Trog disapproves of the use of such an item.
Comestibles
 c - 6 bread rations
 g - a chunk of flesh
 k - 3 fruits
 p - 2 slices of pizza
 x - 2 meat rations


   Skills:
 * Level 8.5 Fighting
 * Level 7.9 Polearms
 + Level 4.0 Slings
 + Level 5.6 Armour
 - Level 2.1 Dodging


You had 7 spell levels left.
You didn't know any spells.

Dungeon Overview and Level Annotations

Branches:
Dungeon (7/15)
 Temple: D:4-7

Altars:
Dithmenos
Kikubaaqudgha
Nemelex Xobeh
Okawaru
Sif Muna
Trog

Shops:
D:5 ?

Annotations:
D:6 Pikel


Innate Abilities, Weirdness & Mutations

You reflexively headbutt those who attack you in melee.
You have a pair of horns on your head.


Message History

You headbutt the slave, but do no damage.
The slave hits you.
* * * LOW HITPOINT WARNING * * *
You closely miss Pikel. Your headbutt misses Pikel.
Pikel is almost dead.
The slave hits you.
* * * LOW HITPOINT WARNING * * *
Pikel hits you but does no damage.
You miss Pikel. You headbutt Pikel, but do no damage.
Pikel is almost dead.
The slave hits you but does no damage. The slave hits you.
* * * LOW HITPOINT WARNING * * *
The slave hits you.
* * * LOW HITPOINT WARNING * * *
You hit Pikel.
Pikel is almost dead.
Pikel hits you with a whip of freezing.
* * * LOW HITPOINT WARNING * * *
Pikel freezes you.
You die...

. . ##. .# ...###. ##
#.#.. ##### #.. ...#
#.... ... ###.######
#.### #.#..
#........#####.###
......#pp.####..........
.......@p##.p..#####.##.
...###K#.##.##.# #....
...#.......# #####
########.#### #.#
######.# ####### ...##.#
#...... #.##.# #......
#..#.######......


You could see Pikel and 3 slaves.

Vanquished Creatures
  2 steam dragons (D:5)
  2 sky beasts (D:5)
  5 ogres
  A giant frog (D:6)
  A crimson imp (D:4)
  A giant frog zombie (D:5)
  A centaur zombie (D:5)
  A jelly (D:5)
  A hound (D:4)
  Ijyb (D:2)
  A worker ant (D:4)
  Natasha (twice) (D:3)
  A hound skeleton (D:5)
  11 adders
  7 gnolls (D:3)
  An adder skeleton (D:4)
  A worm (D:4)
  2 giant geckos
  6 orcs
  9 bats
  3 giant cockroaches
  5 hobgoblins
  4 quokkas
  4 ball pythons
  2 giant newts
  11 goblins
  3 jackals (D:2)
  10 kobolds
  7 rats
106 creatures vanquished.

Notes
Turn   | Place    | Note
--------------------------------------------------------------
     0 | D:1      | admarant the Minotaur Berserker began the quest for the Orb.
     0 | D:1      | Reached XP level 1. HP: 19/19 MP: 0/0
   469 | D:1      | Reached skill level 4 in Fighting
   469 | D:1      | Reached XP level 2. HP: 27/27 MP: 1/1
  1230 | D:2      | Reached ** piety under Trog
  1310 | D:2      | Reached XP level 3. HP: 31/34 MP: 2/2
  1312 | D:2      | Noticed Ijyb
  1321 | D:2      | Killed Ijyb
  1672 | D:2      | Reached skill level 5 in Fighting
  1672 | D:2      | Reached XP level 4. HP: 38/42 MP: 3/3
  1784 | D:2      | Found a shadowy altar of Dithmenos.
  2058 | D:3      | Noticed Natasha
  2067 | D:3      | Killed Natasha
  2118 | D:3      | Found a deep blue altar of Sif Muna.
  2177 | D:3      | Reached XP level 5. HP: 42/48 MP: 4/4
  2325 | D:3      | Reached skill level 5 in Polearms
  2333 | D:3      | Reached skill level 1 in Slings
  2349 | D:3      | Reached *** piety under Trog
  2737 | D:3      | Found an iron altar of Okawaru.
  2741 | D:3      | Found a bloodstained altar of Trog.
  2959 | D:3      | Noticed Natasha
  2963 | D:3      | Killed Natasha
  2963 | D:3      | Reached skill level 6 in Fighting
  3048 | D:4      | Found an ancient bone altar of Kikubaaqudgha.
  3120 | D:4      | Reached XP level 6. HP: 50/57 MP: 5/5
  3261 | D:4      | Noticed an ogre
  3266 | D:4      | Killed an ogre
  3410 | D:4      | Got a crude hunting sling
  3414 | D:4      | Identified the +3 hunting sling of Qumac {venom, Int+4} (You found it on level 4 of the Dungeon)
  3963 | D:5      | Entered Level 5 of the Dungeon
  4013 | D:5      | Reached XP level 7. HP: 33/64 MP: 6/6
  4213 | D:5      | Reached skill level 7 in Fighting
  4585 | D:5      | Found Seluj's Magic Scroll Shoppe.
  4695 | D:5      | Bought a scroll of identify for 28 gold pieces
  4695 | D:5      | Bought a scroll of identify for 28 gold pieces
  4695 | D:5      | Bought a scroll of identify for 28 gold pieces
  4742 | D:5      | Reached skill level 5 in Armour
  5191 | D:5      | Found a sparkling altar of Nemelex Xobeh.
  5231 | D:5      | Noticed a steam dragon
  5233 | D:5      | Noticed a steam dragon
  5247 | D:5      | Killed a steam dragon
  5247 | D:5      | Reached XP level 8. HP: 45/74 MP: 7/7
  5261 | D:5      | Killed a steam dragon
  5261 | D:5      | Reached skill level 8 in Fighting
  5679 | D:5      | Reached **** piety under Trog
  5901 | D:6      | Noticed Pikel
  5933 | D:6      | HP: 3/75 [Pikel/whip of freezing (4)]
  5933 | D:6      | Slain by Pikel

Vault maps used:
D:1:      ncdulo_smallfort
D:2:      kennysheep_goblin_castle, grunt_dithmenos_smoke_and_mirrors,
          first_bread
D:3:      minitemple, lemuel_doored_altar, minmay_misc_feat_roman, uniq_natasha
D:4:      kiku_gazebo_garden_becter
D:5:      kennysheep_steamy, kennysheep_mini, serial_shops, shop,
          hangedman_decor_push
D:6:      bloody_makhleb, roderic_hopi_sauvastika, uniq_pikel
D:7:      zin_angel, fedhas_altar_2, minmay_temple_entry_mist

Action                   |  1- 3 |  4- 6 |  7- 9 || total
-------------------------+-------+-------+-------++-------
Melee: Spear             |   101 |   189 |   134 ||   424
 Fire: Hunting sling     |     1 |     6 |     4 ||    11
  Use: Scroll            |       |     6 |     4 ||    10
  Eat: Chunk             |     2 |     1 |       ||     3
       Meat ration       |       |     2 |     1 ||     3
       Beef jerky        |       |       |     1 ||     1
